 Dungeon Crawl Stone Soup version 0.29-a0-275-g389c0b56f3 (webtiles) character file.

Game seed: 10498052257986783450

43 Ordine the Slasher (level 3, 33/33 HPs)
             Began as a Tengu Warper on Mar 10, 2022.
             Quit the game on level 1 of the Dungeon.
             The game lasted 00:03:06 (2099 turns).

Ordine the Slasher (Tengu Warper)                   Turns: 2099, Time: 00:03:06

Health: 33/33      AC: 21    Str: 11    XL:     3   Next: 58%
Magic:  7/7        EV:  2    Int: 13    God:
Gold:   88         SH:  0    Dex: 15    Spells: 4/6 levels left

rFire   . . .      SeeInvis .   a - +0 falchion
rCold   . . .      Faith    .   (no shield)
rNeg    + . .      Spirit   .   (body armour currently unavailable)
rPois   +          Reflect  .   (helmet currently unavailable)
rElec   .          Harm     .   (cloak currently unavailable)
rCorr   .          Rampage  .   (gloves currently unavailable)
Will    .....      NoTele   +   (boots unavailable)
Stlth   +.........              (no amulet)
HPRegen 0.11/turn               l - ring of positive energy
MPRegen 0.10/turn               (no ring)

@: tree-form, hasted, invisible, very quick
A: stationary, stasis, torment immunity, boosted hp, (beak), (talons 3)
a: no special abilities


You were on level 1 of the Dungeon.
You were a tree.
You visited 1 branch of the dungeon, and saw 2 of its levels.

You collected 88 gold pieces.

Inventory:

Hand Weapons
 a - a +0 falchion (weapon)
Missiles
 d - 7 boomerangs of dispersal
Armour
 h - a +0 cloak (melded)
 o - a +0 ring mail of fire resistance (melded)
Jewellery
 l - a ring of positive energy (left branch)
Scrolls
 c - 2 scrolls of blinking
 e - 2 scrolls of enchant weapon {unknown}
 f - 2 scrolls of amnesia {unknown}
 g - a scroll of enchant armour {unknown}
 i - a scroll of vulnerability {unknown}
 n - a scroll of identify {unknown}
 p - a scroll of brand weapon {unknown}
 r - a scroll of torment {unknown}
Potions
 j - a potion of curing


   Skills:
 + Level 2.5 Fighting
 * Level 3.4 Long Blades
 + Level 1.8 Throwing
 - Level 1.1 Armour
 - Level 2.1 Dodging
 - Level 2.0 Spellcasting
 - Level 2.4 Translocations


You had 4 spell levels left.
You knew the following spells:

 Your Spells              Type           Power      Damage    Failure   Level
a - Blink                 Tloc           14%        N/A       14%         2

Your spell library contained the following spells:

 Spells                   Type           Power      Damage    Failure   Level
 Shock                    Conj/Air       4%         1d3       26%         1
 Gell's Gravitas          Tloc           7%         N/A       28%         3
 Lesser Beckoning         Tloc           7%         N/A       28%         3
 Teleport Other           Tloc           7%         N/A       28%         3
 Portal Projectile        Hex/Tloc       8%         N/A       43%         3
 Call Canine Familiar     Summ           1%         N/A       58%         3
 Swiftness                Air            1%         N/A       58%         3
 Airstrike                Air            0%         N/A       94%         4
 Leda's Liquefaction      Hex/Erth       0%         N/A       94%         4
 Manifold Assault         Tloc           7%         N/A       95%         5


Dungeon Overview and Level Annotations

Branches:
Dungeon (2/15)

Altars:

Annotations:
D:1 fly


Innate Abilities, Weirdness & Mutations

You are a tree.
Your roots penetrate the ground, keeping you stationary.
You cannot be teleported.
You are immune to unholy pain and torment.
Your maximum health is greatly increased.
Your equipment is partially melded.
((You have a beak for a mouth.))
((You have claws for feet.))


Message History

You hit the worm. Your kick misses the worm. Your peck misses the worm.
The worm is lightly wounded.
The worm bites you.
* * * LOW HITPOINT WARNING * * *
You hit the worm. You claw the worm.
The worm is moderately wounded.
You hit the worm.
The worm is severely wounded.
The worm bites you but does no damage.
You hit the worm. You claw the worm.
You kill the worm!
q - a yellow potion
There is an open door, spattered with blood here.
r - a scroll labelled VUEPHUC EWNA Done exploring.
Done exploring.
There is a stone staircase leading up here.
You can't go down here!
You climb upwards.
Level annotation: fly
There is a stone staircase leading down here.
Toss (no damage): +10 spear "Veatixux" {vorpal, Stlth+}
Press: ? - help, Shift-Dir - straight line You toss away the +10 spear "Veatixux" {vorpal, Stlth+}.
b - the +10 spear "Veatixux" {vorpal, Stlth+}
There is a staircase leading out of the dungeon here.
Toss (no damage): +10 spear "Veatixux" {vorpal, Stlth+}
Press: ? - help, Shift-Dir - straight line You toss away the +10 spear "Veatixux" {vorpal, Stlth+}.
Why would you want to do that?
It was a potion of curing.
You feel better.
It was a potion of invisibility.
You fade into invisibility!
It was a potion of haste.
You feel yourself speed up.
It was a potion of lignification.
You turn into a tree.
Your +0 cloak melds into your body.
Your +0 ring mail of fire resistance melds into your body.
You feel less resistant to fire.
Your roots penetrate the ground.
You cannot move.
Are you sure you want to abandon this character and quit the game? (Confirm with "yes".)

#.###.# #.########.# #.# #.# #.#
##### #.# #.#####.# #...#### #.#
#.......# ##....... #.#
##############...##### #.#
##...§..........# # #.#
#...§§§≈≈≈≈.....##### #.#
#....§§≈≈§§≈.........
######.####<..♣≈≈(>$≈≈.....###.
###.........#....≈≈≈≈≈§§....## #.
..........###.....§≈≈≈≈.....# #†
###.###..#####..............####.
#.# #......############........
#.# ########.....##.#.##..####.
###.# ##...###.#..#.....#. ....#
##.## #.#..#####.#. ##### #.#
#.#..# #.#.


There were no monsters in sight!

Vanquished Creatures
  An adder (D:2)
  A worm (D:2)
  2 endoplasms (D:2)
  A giant cockroach (D:2)
  3 goblins (D:1)
  4 hobgoblins
  2 jackals (D:2)
  3 kobolds
  2 quokkas
  2 ball pythons
  2 bats (D:1)
  A frilled lizard (D:1)
  3 rats
27 creatures vanquished.

Notes
Turn   | Place    | Note
-------+----------+-------------------------------------------
     0 | D:1      | Ordine the Tengu Warper began the quest for the Orb.
     0 | D:1      | Reached XP level 1. HP: 12/12 MP: 4/4
   187 | D:1      | Reached XP level 2. HP: 9/17 MP: 6/6
   344 | D:1      | Learned a level 2 spell: Blink
  1177 | D:2      | Reached skill level 3 in Long Blades
  1202 | D:2      | Found a faded altar of an unknown god.
  1239 | D:2      | Reached XP level 3. HP: 20/22 MP: 7/7
  1313 | D:2      | Identified the +10 spear "Veatixux" {vorpal, Stlth+}
  2099 | D:1      | Quit the game

Illustrated notes

Levels and vault maps discovered:
D:1:      lemuel_arrival_lava_pool, layout_loops_ring
D:2:      layout_loops_ring, basic_ecumenical_altar, moated_statue,
          chequers_hall_statues_corner_a, minmay_stone_trees_medium,
          grunt_decor_mini_mirrors, chequers_serial_rivers_micro_e, minivault_25

Skill      XL: |  1  2 |
---------------+-------+-----
Long Blades    | 3 |  3.4
Fighting       | |  2.5
Throwing       | |  1.8
Armour         | |  1.1
Dodging        | |  2.1
Spellcasting   | |  2.0
Translocations | |  2.4

Action                   || total
-------------------------++-------
Melee: Falchion          ||    81
       Kick              ||    12
       Peck              ||     3
       Punch             ||     1
  Use: Potion            ||     4
Armor: Leather armour    ||    27
       Ring mail         ||    13
Dodge: Dodged            ||    59

Table legend: (Time is in decaauts)
 A = Elapsed time spent in this place.
 B = Non-inter-level travel time spent in this place.
 C = Inter-level travel time spent in this place.
 D = Time resting spent in this place.
 E = Time spent auto-exploring this place.
 F = Levels seen in this place.
 G = Mean time per level.
                   A        B        C        D        E       F      G
               +--------+--------+--------+--------+--------+-----+--------+
         Total |   2111 |   2038 |     73 |    153 |   1635 |   2 | 1055.5 |
       Dungeon |   2111 |   2038 |     73 |    153 |   1635 |   2 | 1055.5 |
               +--------+--------+--------+--------+--------+-----+--------+

Top non-repeatable levels by time:
     D:1: 1058 daAuts
     D:2: 1053 daAuts
